 Dungeon Crawl Stone Soup version 0.29-a0-775-g4d7333d4e2 (webtiles) character file.

Game seed: 2781011349250104629

412 elite277 the Conjurer (level 7, -4/48 HPs)
             Began as a Human Conjurer on July 1, 2022.
             Slain by spanik's ghost (9 damage)
             ... on level 3 of the Dungeon.
             The game lasted 00:15:33 (3250 turns).

elite277 the Conjurer (Human Conjurer)              Turns: 3250, Time: 00:15:34

Health: -4/48      AC:  3    Str:  8    XL:     7   Next: 14%
Magic:  10/13      EV: 12    Int: 20    God:
Gold:   205        SH:  0    Dex: 11    Spells: 8/14 levels left

rFire   + . .      SeeInvis .   B - +1 short sword (holy)
rCold   + . .      Faith    .   (no shield)
rNeg    . . .      Spirit   .   a - +0 robe
rPois   +          Reflect  .   (no helmet)
rElec   +          Harm     .   (no cloak)
rCorr   +          Rampage  .   z - +0 pair of gloves
Will    .....                   (no boots)
Stlth   ++........              j - amulet of regeneration
HPRegen 0.96/turn               (no ring)
MPRegen 0.13/turn               (no ring)

@: about to teleport, resistant
A: no striking features
a: no special abilities


You were on level 3 of the Dungeon.
You visited 1 branch of the dungeon, and saw 3 of its levels.

You collected 205 gold pieces.

Inventory:

Hand Weapons
 e - a +0 mace
 g - a +0 dagger of freezing
 B - a +1 short sword of holy wrath (weapon)
Missiles
 k - 6 atropa-tipped darts
 q - 3 poisoned darts
Armour
 a - a +0 robe (worn)
 f - a +0 leather armour
 l - a +0 ring mail
 w - the +4 plate armour "Yhoiptik" {Str+3 Int+4}
   (You found it on level 3 of the Dungeon)

   Str:       It affects your strength (+3).
   Int:       It affects your intelligence (+4).
 z - a +0 pair of gloves (worn)
Jewellery
 j - an amulet of regeneration (around neck)
Wands
 v - a wand of mindburst (23)
Scrolls
 o - a scroll of poison {unknown}
 r - 2 scrolls of amnesia
 s - a scroll of immolation {unknown}
 u - a scroll of enchant armour {unknown}
 y - a scroll of noise {unknown}
 A - a scroll of acquirement {unknown}
Potions
 b - a potion of magic
 d - a potion of flight
 p - a potion of might {unknown}
 t - a potion of attraction {unknown}
 x - a potion of ambrosia {unknown}


   Skills:
 + Level 1.2 Fighting
 + Level 1.8 Short Blades
 + Level 3.2 Dodging
 - Level 2.0 Stealth
 * Level 4.1 Spellcasting
 + Level 5.5 Conjurations
 * Level 0.8 Hexes


You had 8 spell levels left.
You knew the following spells:

 Your Spells              Type           Power      Damage    Failure   Level
a - Magic Dart            Conj           100%       1d8       1%          1
b - Searing Ray           Conj           52%        2d6       1%          2
c - Dazzling Flash        Conj/Hex       32%        N/A       11%         3

Your spell library contained the following spells:

 Spells                   Type           Power      Damage    Failure   Level
 Portal Projectile        Hex/Tloc       10%        N/A       32%         3
 Fulminant Prism          Conj/Hex       8%         3d7       34%         4
 Call Canine Familiar     Summ           4%         N/A       36%         3
 Iskenderun's Mystic Bla  Conj/Tloc      15%        2d5       38%         4
 Leda's Liquefaction      Hex/Erth       2%         N/A       71%         4


Dungeon Overview and Level Annotations

Branches:
Dungeon (3/15)

Altars:
Ashenzari
Makhleb
Uskayaw

Annotations:
D:3 Zebulonius's ghost, amateur MiFi; spanik's ghost, weakling FeTm


Message History

Casting: Magic Dart (safe; 1% risk of failure)
Confirm with . or Enter, or press ? or * to list all spells.
Aiming: Searing Ray (safe; 2% risk of failure)
Press: ? - help, Shift-Dir - straight line, f - Xoff's ghost
Aim: Xoff's ghost (almost destroyed, ally target, 71% to hit)
The searing ray hits spanik's ghost!
Spanik's ghost is heavily damaged.
The searing ray hits Xoff's ghost!
You destroy Xoff's ghost! (Press . to maintain the ray.) Spanik's ghost closely misses you.
Zebulonius's ghost hits you!!
* * * LOW HITPOINT WARNING * * *
Your Spellcasting skill increases to level 4!
You have reached level 7!
You feel better. Spanik's ghost barely misses you.
Zebulonius's ghost closely misses you.
Spanik's ghost flexes its fingers.
You closely miss spanik's ghost.
Spanik's ghost is heavily damaged.
Press: ? - help, v - describe, . - travel
Here: Zebulonius's ghost (lightly damaged)
The floor, spattered with blood.
Press: ? - help, v - describe, . - travel A rock wall.
Your dart slug launches a dart at spanik's ghost.
The slug dart hits spanik's ghost.
You feel protected.
Your dart slug dissolves into shadows!
Zebulonius's ghost closely misses you.
Okay, then.
As you read the scroll of teleportation, it crumbles to dust.
You feel strangely unstable.
Zebulonius's ghost attacks as you move away!
Zebulonius's ghost hits you!
* * * LOW HITPOINT WARNING * * *
Spanik's ghost attacks as you move away!
Spanik's ghost hits you but does no damage.
Spanik's ghost attacks as you move away!
Spanik's ghost hits you!
You die...

.#)#.#..# ##[$8?[## #..#.##
........# ##8.....8## #..#..##
...####.# #!.......!# #......#
##......# #.........#####.###..#
##.###### #⌠....|..⌠#.....# #..#
...# #.........####### #..# ####
###'''### #..# #.......## #.)#
#....@...#########..#
####.#W...>.........#
#.....#########..#
###..##########.)#
####.........<.....# ####
#...............##.# ...#
#.##.########...##.#
.#.##########.##.######.......)#
...##..........................#


You could see spanik's ghost.

Vanquished Creatures
  Sigmund (D:3)
  The ghost of Xoff the Magician, an amateur GnHW (D:3)
  3 gnolls (D:3)
  2 worms (D:2)
  4 dart slugs
  4 orcs (D:3)
  10 endoplasms
  2 giant cockroaches (D:2)
  4 goblins
  8 hobgoblins
  4 jackals (D:3)
  5 kobolds
  3 quokkas
  8 ball pythons
  9 bats
  4 frilled lizards
  7 rats
79 creatures vanquished.

Vanquished Creatures (others)
  4 withered plants (D:3)
4 creatures vanquished.

Grand Total: 83 creatures vanquished

Notes
Turn   | Place    | Note
-------+----------+-------------------------------------------
     0 | D:1      | elite277 the Human Conjurer began the quest for the Orb.
     0 | D:1      | Reached XP level 1. HP: 13/13 MP: 3/3
   182 | D:1      | Reached XP level 2. HP: 19/19 MP: 1/5
   517 | D:1      | Reached XP level 3. HP: 19/24 MP: 1/6
   616 | D:1      | Learned a level 2 spell: Searing Ray
  1571 | D:2      | Reached XP level 4. HP: 30/30 MP: 2/7
  2056 | D:3      | Noticed Sigmund
  2062 | D:3      | Killed Sigmund
  2063 | D:3      | Reached skill level 1 in Short Blades
  2063 | D:3      | Reached skill level 5 in Conjurations
  2063 | D:3      | Reached XP level 5. HP: 22/36 MP: 0/10
  2063 | D:3      | Reached XP level 6. HP: 25/42 MP: 0/11
  2376 | D:3      | Reached skill level 1 in Fighting
  2536 | D:3      | Found a runed translucent gate.
  2536 | D:3      | Found a runed translucent gate.
  2537 | D:3      | Found a runed translucent gate.
  2539 | D:3      | Noticed spanik's ghost (weakling FeTm)
  2539 | D:3      | Noticed Zebulonius's ghost (amateur MiFi)
  2539 | D:3      | Noticed Xoff's ghost (amateur GnHW)
  2706 | D:3      | Found a broken altar of Ashenzari.
  2706 | D:3      | Found a faded altar of an unknown god.
  2714 | D:3      | Found a hide-covered altar of Uskayaw.
  2714 | D:3      | Identified the +4 plate armour "Yhoiptik" {Str+3 Int+4}
  2717 | D:3      | Found a burning altar of Makhleb.
  2719 | D:3      | Found a faded altar of an unknown god.
  2856 | D:3      | Learned a level 3 spell: Dazzling Flash
  3241 | D:3      | Killed Xoff's ghost
  3242 | D:3      | Reached XP level 7. HP: 4/48 MP: 9/13
  3250 | D:3      | Slain by spanik's ghost

Illustrated notes

Levels and vault maps discovered:
D:1:      kennysheep_arrival_seaside, layout_basic
D:2:      layout_loops_ring, serial_glass, glass_columns_a, glass_columns_a,
          st_stairs_10
D:3:      layout_loops_ring, chequers_temple_overflow_minitemple,
          gammafunk_ghost_cemetery, serial_glass, glass_columns_b,
          glass_columns_a, minivault_24, uniq_sigmund

Skill      XL: |  1  2  3  4  5  6 |
---------------+-------------------+-----
Short Blades   | 1 |  1.8
Spellcasting   | 3 4 |  4.1
Conjurations   | 5 |  5.5
Dodging        | 3 |  3.2
Fighting       | 1 |  1.2
Stealth        | |  2.0
Hexes          | |  0.8

Action                   |  1- 3 |  4- 6 |  7- 9 || total
-------------------------+-------+-------+-------++-------
Melee: Dagger            |    37 |    56 |       ||    93
       Short sword       |       |     8 |     1 ||     9
 Cast: Magic Dart        |    44 |    42 |       ||    86
       Searing Ray       |     2 |     9 |       ||    11
  Use: Scroll            |       |     5 |     1 ||     6
       Potion            |       |       |     2 ||     2
 Stab: Sleeping          |       |     1 |       ||     1
Armor: Robe              |    13 |    19 |     1 ||    33
Dodge: Dodged            |    29 |    33 |     3 ||    65

Table legend: (Time is in decaauts)
 A = Elapsed time spent in this place.
 B = Non-inter-level travel time spent in this place.
 C = Inter-level travel time spent in this place.
 D = Time resting spent in this place.
 E = Time spent auto-exploring this place.
 F = Levels seen in this place.
 G = Mean time per level.
                   A        B        C        D        E       F      G
               +--------+--------+--------+--------+--------+-----+--------+
         Total |   3251 |   3170 |     81 |    466 |   1720 |   3 | 1083.7 |
       Dungeon |   3251 |   3170 |     81 |    466 |   1720 |   3 | 1083.7 |
               +--------+--------+--------+--------+--------+-----+--------+

Top non-repeatable levels by time:
     D:3: 1107 daAuts
     D:1: 1074 daAuts
     D:2: 1069 daAuts
